cohdb
Replays
Latest Replays
All Replays
Popular Replays
Top Player Replays
Match Explorer
How It Works
Community
CoH3 Stats
Reddit
Sign in to upload your games and track your stats! →
Sign in with Steam
Match 26283219
Unlisted
Match 26283219
Overview
Messages
Build Orders
End
Panzergrenadier Squad
Selects Italian Infantry
Panzergrenadier Squad
Panzergrenadier Squad
Construct Light Support Kompanie
MG34 Team
Construct Mechanized Kompanie
2.5-tonne Medical Truck
MG34 Team
Support Armor Elements
Assault Grenadier Squad
Fire Support Elements
Selects Guastatori Squad
Selects Registered Artillery
Pak 38 Anti-tank Gun Team
Pak 38 Anti-tank Gun Team
Construct Panzerarmee Kommand
Panzerpioneer Squad
kleee
xpatroz
SneaKerz
gb_gbg
0
0
Comments
sign in to comment!
No comments posted yet!